[Event "Titled Tuesday Blitz October 04 Early 2022"]
[White "Kuzmin, Roman"]
[Black "Harvey, Marcus R"]
[WhiteFideId "44134932"]
[BlackFideId "400092"]
[WhiteElo "2197"]
[BlackElo "2457"]
[Result "0-1"]
[Round "11"]
[TimeControl "180+1"]
[Date "2022.10.04"]
[WhiteClock "0:00:03"]
[BlackClock "0:00:02"]

1. Nf3 d5 2. c4 e6 3. g3 Nf6 4. Bg2 dxc4 5. Qa4+ Nbd7 6. Qxc4 c5 7. O-O a6 8. Qc2 b6 9. Ne5 Nd5 10. Nxd7 Qxd7 11. Nc3 Bb7 12. Nxd5 Bxd5 13. Bxd5 exd5 14. d4 Be7 15. dxc5 bxc5 16. Be3 Rc8 17. Rfd1 O-O 18. Rac1 Rc6 19. b3 Rd8 20. Bd2 Qg4 21. Ba5 Rd7 22. Kg2 Rh6 23. h4 Rxh4 24. Rh1 Rxh1 25. Rxh1 h6 26. Qd3 c4 27. Qe3 d4 28. Qe5 Bf6 29. Qe8+ Kh7 30. bxc4 Re7 31. Qc6 Rxe2 32. a4 d3 33. Qf3 Qxc4 34. Rd1 Bd4 35. Be1 Bb6 36. Kf1 Qe4 37. Qxe4+ Rxe4 38. a5 d2 39. Bxd2 Bc7 40. Rc1 Bd8 41. Rc6 Re6 42. Rc8 Bf6 43. Rc7 Kg6 44. Be3 Be5 45. Ra7 Bxg3 46. Bb6 Be5 47. Rxa6 Bd4 48. Kg2 Rf6 49. f3 h5 50. Kg3 Re6 51. Kg2 f6 52. Kg3 Rc6 53. Kg2 Kh6 54. Kg3 g6 55. f4 Rc3+ 56. Kg2 Rc6 57. Kf3 f5 58. Ke2 h4 59. Kd3 Bg1 60. Ke2 Kh5 61. Kf3 Rc3+ 62. Kg2 Bxb6 63. axb6 Rb3 0-1


[Site "https://www.chess.com"]

[Event "Titled Tuesday Blitz October 04 Early 2022"]
[White "Lazavik, Denis"]
[Black "Terry, Renato"]
[WhiteFideId "13515110"]
[BlackFideId "3803457"]
[WhiteElo "2437"]
[BlackElo "2577"]
[Result "1-0"]
[Round "11"]
[TimeControl "180+1"]
[Date "2022.10.04"]
[WhiteClock "0:00:11"]
[BlackClock "0:00:01"]

1. d4 e6 2. c4 Bb4+ 3. Bd2 c5 4. Bxb4 cxb4 5. g3 Nf6 6. Bg2 O-O 7. Nf3 d6 8. O-O a5 9. Nbd2 Qe7 10. a3 Na6 11. Qb3 b6 12. Ne1 Bb7 13. Bxb7 Qxb7 14. Nd3 bxa3 15. bxa3 Rab8 16. Rab1 Ne4 17. Rfd1 Nc7 18. Qc2 Ng5 19. f3 f5 20. Nf1 Qc6 21. Ne3 g6 22. Kg2 Rfe8 23. Qb2 Nf7 24. Nf4 Qd7 25. Qc3 Qe7 26. Rb2 Rb7 27. Rdb1 Reb8 28. h4 Qf6 29. Qd2 Nd8 30. Rb3 Nc6 31. d5 Nd4 32. dxe6 Nxb3 33. Rxb3 Nxe6 34. Qd5 Re7 35. Kf2 Qe5 36. Rb5 Qxd5 37. Nexd5 Ree8 38. Nf6+ Kf7 39. Nxe8 Rxe8 40. Nxe6 Kxe6 41. Rxb6 Rc8 42. Ra6 Rxc4 43. Rxa5 Rc2 44. Ra7 h5 45. Ke3 Ra2 46. a4 Kf6 47. Ra6 Ke5 48. a5 Ra3+ 49. Kf2 Ke6 50. Ra8 Kf6 51. a6 Kg7 52. a7 Kh7 53. Ke1 Kg7 54. Kd2 Kh7 55. Kc2 Kg7 56. Kb2 Ra6 57. Kb3 Ra1 58. Kc4 Ra2 59. Kd5 Ra6 60. Ke6 Kh7 61. Kd5 Kg7 62. Kc4 Kh7 63. Kb5 Ra1 64. Kb6 Rb1+ 65. Kc6 Ra1 66. Kxd6 1-0


[Site "https://www.chess.com"]

[Event "Titled Tuesday Blitz October 04 Early 2022"]
[White "Le, Tuan Minh"]
[Black "Bharath Subramaniyam H"]
[WhiteFideId "12401153"]
[BlackFideId "46634827"]
[WhiteElo "2530"]
[BlackElo "2395"]
[Result "1-0"]
[Round "11"]
[TimeControl "180+1"]
[Date "2022.10.04"]
[WhiteClock "0:00:11"]
[BlackClock "0:00:08"]

1. d4 d5 2. Nf3 Bf5 3. c4 e6 4. Nc3 Nf6 5. Bg5 Bb4 6. Qb3 Nc6 7. e3 a5 8. a3 a4 9. Qd1 Bxc3+ 10. bxc3 h6 11. Bxf6 Qxf6 12. cxd5 exd5 13. Bb5 O-O 14. Bxa4 Na5 15. Bc2 Nc4 16. O-O Bg4 17. a4 Bxf3 18. gxf3 Rfe8 19. Kh1 c6 20. Rg1 g6 21. f4 Re7 22. Rg3 Kf8 23. Qe2 b5 24. Rag1 Raa7 25. axb5 cxb5 26. Qf3 Rad7 27. Qg2 Rd6 28. Qh3 h5 29. Qxh5 Ke8 30. Qh3 Rc7 31. Bd3 Nb2 32. Bxb5+ Ke7 33. Rb1 Nc4 34. Bxc4 dxc4 35. Rg5 Kf8 36. Rb8+ Ke7 37. Re5+ Re6 38. Rxe6+ fxe6 39. Qh7+ Kd6 40. Qg8 Kd5 41. Kg2 Ke4 42. Rb5 Kd3 43. Qa8 e5 44. dxe5 Qc6+ 45. Qxc6 Rxc6 46. e4 Kxc3 47. f5 gxf5 48. exf5 Kd4 49. e6 c3 50. e7 Rc8 51. Rb1 c2 52. Rc1 Ke5 53. Rxc2 Rg8+ 54. Kf3 Kxf5 55. Re2 Re8 56. h4 Kf6 57. Kg4 1-0


[Site "https://www.chess.com"]

[Event "Titled Tuesday Blitz October 04 Early 2022"]
[White "Liu, Xiangyi"]
[Black "Vasquez Schroeder, Rodrigo"]
[WhiteFideId "8605718"]
[BlackFideId "3400042"]
[WhiteElo "2323"]
[BlackElo "2577"]
[Result "0-1"]
[Round "11"]
[TimeControl "180+1"]
[Date "2022.10.04"]
[WhiteClock "0:00:14"]
[BlackClock "0:01:01"]

1. e4 c5 2. Nf3 d6 3. g3 Nc6 4. Bg2 Nf6 5. Qe2 e5 6. O-O g6 7. c3 Bh6 8. Na3 O-O 9. d4 Bxc1 10. Raxc1 cxd4 11. cxd4 Bg4 12. dxe5 dxe5 13. Qe3 Bxf3 14. Bxf3 Qe7 15. Nb5 a6 16. Nc3 Nd4 17. Bg2 Rfd8 18. Nd5 Nxd5 19. exd5 Nf5 20. Qb6 Rac8 21. Bh3 Rxc1 22. Rxc1 Nd6 23. Qc7 Kf8 24. Qxe7+ Kxe7 25. Rc7+ Kf6 26. f3 Kg5 27. Bd7 h5 28. h4+ Kf6 29. Kf2 e4 30. Ke3 exf3 31. Kxf3 Ke5 32. Ba4 Kxd5 33. Bb3+ Kd4 34. Kf4 Rf8 35. g4 hxg4 36. Kxg4 Ke5 37. Re7+ Kf6 38. Rd7 Ke5 39. Re7+ Kd4 40. Rd7 Kc5 41. a3 f5+ 42. Kf4 Rh8 43. Kg5 Rh5+ 44. Kxg6 Rxh4 45. Be6 Rh2 46. b4+ Kc6 47. Rd8 f4 48. Rf8 Rg2+ 49. Kh5 Rf2 50. Kg4 Rg2+ 51. Kh4 Rg3 52. a4 Ra3 53. b5+ axb5 54. axb5+ Kxb5 55. Rxf4 Kc5 56. Bd7 Re3 57. Kg4 b6 58. Ba4 Nc4 59. Bd7 Ne5+ 0-1


[Site "https://www.chess.com"]

[Event "Titled Tuesday Blitz October 04 Early 2022"]
[White "Makhnev, Denis"]
[Black "Vokhidov, Shamsiddin"]
[WhiteFideId "13707647"]
[BlackFideId "14204223"]
[WhiteElo "2486"]
[BlackElo "2619"]
[Result "0-1"]
[Round "11"]
[TimeControl "180+1"]
[Date "2022.10.04"]
[WhiteClock "0:02:16"]
[BlackClock "0:01:32"]

1. d4 Nf6 2. c4 e6 3. Nf3 d5 4. Nc3 Bb4 5. Qa4+ Nc6 6. e3 O-O 7. Qc2 Re8 8. Bd2 Bf8 9. a3 h6 10. h3 e5 11. dxe5 Nxe5 12. cxd5 Nxd5 13. O-O-O Nxf3 14. gxf3 a5 15. Rg1 c6 16. f4 Qh4 17. Nxd5 cxd5 18. Bb5 Rd8 19. Bc3 Qh5 20. Rxg7+ Bxg7 21. Rg1 d4 22. Bxd4 Rxd4 23. exd4 Qxb5 0-1


[Site "https://www.chess.com"]

[Event "Titled Tuesday Blitz October 04 Early 2022"]
[White "Martinez Alcantara, Jose Eduardo"]
[Black "Zhigalko, Sergei"]
[WhiteFideId "3805662"]
[BlackFideId "13502956"]
[WhiteElo "2703"]
[BlackElo "2662"]
[Result "1-0"]
[Round "11"]
[TimeControl "180+1"]
[Date "2022.10.04"]
[WhiteClock "0:01:54"]
[BlackClock "0:00:01"]

1. e4 c5 2. Nf3 Nc6 3. c3 Nf6 4. Bd3 e5 5. Qe2 d6 6. Bc4 Be7 7. d3 O-O 8. Bg5 Nd7 9. h4 Nb6 10. Nbd2 Be6 11. Bxe7 Qxe7 12. Ng5 Nxc4 13. dxc4 a6 14. Nf1 h6 15. Nf3 b5 16. Ne3 bxc4 17. Nxc4 f5 18. exf5 Rxf5 19. Rd1 Rd8 20. Ne3 Rf4 21. Qxa6 Nd4 22. cxd4 exd4 23. O-O dxe3 24. fxe3 Bc4 25. Qa3 Re4 26. Rfe1 Rf8 27. Nd2 Rxh4 28. Nxc4 Rxc4 29. Qb3 Qe4 30. Rd4 cxd4 31. Qxc4+ 1-0


[Site "https://www.chess.com"]

[Event "Titled Tuesday Blitz October 04 Early 2022"]
[White "Matinian, Nikita"]
[Black "Shimanov, Aleksandr"]
[WhiteFideId "24129100"]
[BlackFideId "4198603"]
[WhiteElo "2422"]
[BlackElo "2605"]
[Result "0-1"]
[Round "11"]
[TimeControl "180+1"]
[Date "2022.10.04"]
[WhiteClock "0:00:03"]
[BlackClock "0:00:45"]

1. e4 d5 2. exd5 Qxd5 3. Nc3 Qe5+ 4. Be2 Bg4 5. d4 Bxe2 6. Ngxe2 Qa5 7. Bf4 e6 8. d5 Nd7 9. dxe6 fxe6 10. Qd3 O-O-O 11. Qc4 e5 12. Be3 Ngf6 13. O-O Bc5 14. Bxc5 Qxc5 15. Qxc5 Nxc5 16. Rad1 c6 17. Ng3 Kc7 18. Rfe1 Rxd1 19. Rxd1 b5 20. a3 a5 21. Nf5 g6 22. Ne3 a4 23. f3 Re8 24. Kf2 Nfd7 25. Na2 e4 26. f4 Ne6 27. g3 c5 28. Nc3 Kc6 29. Nxe4 Nd4 30. Ng5 Nf6 31. c3 Nf5 32. Nxf5 gxf5 33. h3 b4 34. cxb4 cxb4 35. axb4 Kb5 36. Rd4 Rc8 37. Rd6 Nh5 38. Rd5+ Kxb4 39. Rxf5 Rc2+ 40. Kf3 Rxb2 41. Ne4 a3 42. Rf7 a2 43. Rb7+ Kc4 44. Ra7 Kd4 45. Ra4+ Kd3 46. f5 Kc2 47. g4 Rb3+ 48. Kf2 Kb2 49. gxh5 Ra3 50. Rb4+ Kc2 51. Rc4+ Kd3 52. Rc1 Kxe4 53. Ra1 Kxf5 54. Kg2 Kg5 55. Kh2 Kxh5 56. Kg2 Kh4 57. Kf2 Kxh3 0-1


[Site "https://www.chess.com"]

[Event "Titled Tuesday Blitz October 04 Early 2022"]
[White "Nakamura, Hikaru"]
[Black "Hakobyan, Aram"]
[WhiteFideId "2016192"]
[BlackFideId "13306677"]
[WhiteElo "2909"]
[BlackElo "2563"]
[Result "1-0"]
[Round "11"]
[TimeControl "180+1"]
[Date "2022.10.04"]
[WhiteClock "0:00:12"]
[BlackClock "0:00:08"]

1. Nf3 Nf6 2. e3 d5 3. c4 e6 4. Nc3 Be7 5. g3 c5 6. cxd5 exd5 7. d4 Nc6 8. Bg2 Bg4 9. dxc5 Bxc5 10. h3 Bh5 11. O-O O-O 12. Ne2 Re8 13. a3 a5 14. b3 Ne4 15. Bb2 Nxf2 16. Rxf2 Bxe3 17. Nf4 Bg6 18. Nxd5 Bxf2+ 19. Kxf2 Be4 20. Ng1 Bxg2 21. Kxg2 Re6 22. Kh1 Rd6 23. Qg4 f6 24. Nf4 Qd7 25. Qxd7 Rxd7 26. Nge2 Re8 27. Bc3 Re3 28. Kg1 Rdd3 29. Nxd3 Rxe2 30. Rd1 Kf7 31. a4 Rc2 32. Rc1 Re2 33. Nf4 Re4 34. Kf2 g5 35. Nd3 Kg6 36. Re1 Rxe1 37. Kxe1 b6 38. Ke2 Kf5 39. Ke3 h5 40. Bd4 Ne7 41. Nb2 Nd5+ 42. Kf3 g4+ 43. hxg4+ hxg4+ 44. Ke2 Ke4 45. Bf2 f5 46. Nc4 f4 47. gxf4 Nxf4+ 48. Kd2 Kf3 49. Bxb6 g3 50. Nxa5 Nd5 51. Ba7 g2 52. Nc4 Nf6 53. Kd3 Ng4 54. Nd2+ Kg3 55. Ke2 Ne5 56. Bf2+ Kf4 57. a5 Nc6 58. a6 Ke5 59. a7 Nxa7 60. Bxa7 Kd5 61. Bg1 Kc6 62. Kf3 Kb5 63. Kxg2 Kb4 64. Kf3 Kc3 65. Be3 Kb2 66. Ke4 Ka1 67. Kd5 Ka2 68. Kc4 1-0


[Site "https://www.chess.com"]

[Event "Titled Tuesday Blitz October 04 Early 2022"]
[White "Pakleza, Zbigniew"]
[Black "Melikhov, Evgeny V."]
[WhiteFideId "1119290"]
[BlackFideId "4122046"]
[WhiteElo "2411"]
[BlackElo "2169"]
[Result "1-0"]
[Round "11"]
[TimeControl "180+1"]
[Date "2022.10.04"]
[WhiteClock "0:00:03"]
[BlackClock "0:00:02"]

1. d4 Nf6 2. Nf3 d5 3. Bf4 c5 4. c3 Nc6 5. Nbd2 cxd4 6. cxd4 Bf5 7. e3 a6 8. Be2 e6 9. O-O Bd6 10. Bxd6 Qxd6 11. Nb3 Ne4 12. Rc1 O-O 13. Nh4 Ne7 14. f3 Nf6 15. Nc5 Qb6 16. Qd2 Rfc8 17. Rc3 Rc7 18. Rfc1 Rac8 19. a3 Qa7 20. g4 Bg6 21. b4 Ne8 22. e4 dxe4 23. fxe4 Nd6 24. Nxg6 Nxg6 25. e5 Nb5 26. Bxb5 axb5 27. Kg2 b6 28. Ne4 Rxc3 29. Rxc3 Rxc3 30. Qxc3 Qb7 31. Qe3 Ne7 32. Qf3 Nd5 33. Nd6 Qe7 34. Kg3 h5 35. h4 hxg4 36. Qxg4 Qc7 37. Qf3 f5 38. Nxf5 Qc4 39. Ne3 Qxd4 40. Nxd5 exd5 41. Qf5 Qe3+ 42. Kg4 Qe2+ 43. Kg5 Qg2+ 44. Qg4 Qd2+ 45. Kf5 Qf2+ 46. Ke6 Qf7+ 47. Kd6 d4 48. e6 Qe8 49. e7 d3 50. Qe6+ Kh7 51. Qe4+ 1-0


[Site "https://www.chess.com"]

[Event "Titled Tuesday Blitz October 04 Early 2022"]
[White "Papasimakopoulos, Alexandros"]
[Black "Omelja, Artem"]
[WhiteFideId "4244125"]
[BlackFideId "14119846"]
[WhiteElo "2357"]
[BlackElo "2403"]
[Result "1-0"]
[Round "11"]
[TimeControl "180+1"]
[Date "2022.10.04"]
[WhiteClock "0:02:42"]
[BlackClock "0:02:06"]

1. d4 d5 2. c4 c6 3. cxd5 cxd5 4. Bf4 Nc6 5. e3 Nf6 6. Nc3 a6 7. Be2 e6 8. Bd3 Be7 9. h3 O-O 10. Nf3 Bd7 11. O-O Rc8 12. Rc1 b5 13. Qe2 h6 14. Ne5 Qb6 15. Nxd7 Nxd7 16. a4 b4 17. Nb1 Ncb8 18. Nd2 Bd6 19. a5 1-0


[Site "https://www.chess.com"]

[Event "Titled Tuesday Blitz October 04 Early 2022"]
[White "Rohith Krishna S"]
[Black "Weetik, Vjacheslav"]
[WhiteFideId "46617051"]
[BlackFideId "4153472"]
[WhiteElo "2270"]
[BlackElo "2469"]
[Result "1/2-1/2"]
[Round "11"]
[TimeControl "180+1"]
[Date "2022.10.04"]
[WhiteClock "0:00:36"]
[BlackClock "0:00:10"]

1. Nf3 Nf6 2. g3 d5 3. Bg2 Bf5 4. O-O e6 5. d3 c6 6. Nc3 h6 7. Re1 Bh7 8. Bf4 Bb4 9. a3 Ba5 10. b4 Bb6 11. Na4 Bc7 12. Be5 Nbd7 13. Bb2 b5 14. Nc3 a5 15. e4 O-O 16. e5 Ng4 17. d4 axb4 18. axb4 Rxa1 19. Bxa1 f6 20. h3 Nxf2 21. Kxf2 fxe5 22. dxe5 Nxe5 23. Kg1 Nxf3+ 24. Bxf3 Bxg3 25. Rf1 Qg5 26. Bg2 Be5 27. Rxf8+ Kxf8 28. Kh1 Qg3 29. Qf3+ Qxf3 30. Bxf3 Bxc2 31. Kg2 Bf6 32. Bb2 Ke7 33. Kf2 Bf5 34. Bg2 Kd6 35. Ke2 e5 36. Kd2 e4 37. Ba3 Ke5 38. Ne2 d4 39. Bf1 Bg5+ 40. Kd1 Be3 41. Bb2 Kd5 42. Ng3 Bg6 43. Be2 Bf4 44. Nh5 Bxh5 45. Bxh5 Bd6 46. Bf7+ Ke5 47. Be8 Kd5 48. Bf7+ Ke5 49. Be8 Bxb4 50. Bxc6 Bc3 51. Bxc3 dxc3 52. Bxb5 Kf4 53. Kc2 Kg3 54. Kxc3 e3 55. Kc2 Kf2 56. Kd1 g5 57. Be2 Kg3 58. Bg4 Kf2 59. Bh5 Kg3 60. Bg4 h5 61. Bxh5 Kxh3 62. Ke2 g4 63. Kxe3 g3 64. Bf3 Kh2 65. Ke2 Kg1 66. Ke3 Kh2 67. Kf4 g2 68. Bxg2 1/2-1/2


[Site "https://www.chess.com"]

[Event "Titled Tuesday Blitz October 04 Early 2022"]
[White "Saydaliev, Saidakbar"]
[Black "Timofeev, Artyom"]
[WhiteFideId "14203693"]
[BlackFideId "4140419"]
[WhiteElo "2276"]
[BlackElo "2579"]
[Result "1-0"]
[Round "11"]
[TimeControl "180+1"]
[Date "2022.10.04"]
[WhiteClock "0:00:14"]
[BlackClock "0:00:04"]

1. e4 c5 2. Nf3 Nc6 3. Bb5 e6 4. O-O Nge7 5. c3 a6 6. Ba4 b5 7. Bc2 d5 8. exd5 Nxd5 9. d4 cxd4 10. Nxd4 Bb7 11. Nxc6 Bxc6 12. Nd2 Be7 13. Nf3 O-O 14. Qe2 Qc7 15. Bg5 Bxg5 16. Nxg5 h6 17. Nf3 Nf4 18. Qe3 Bxf3 19. Qxf3 Rad8 20. Rfd1 b4 21. Qe4 g6 22. g3 Nh3+ 23. Kg2 Ng5 24. Qe3 bxc3 25. bxc3 Qb7+ 26. f3 Qb2 27. Rdc1 Rd5 28. h4 Rfd8 29. hxg5 Rd2+ 30. Kh3 Rxc2 31. Rxc2 Qxc2 32. gxh6 Rd2 33. Rh1 Qf5+ 34. g4 Rd3 35. gxf5 Rxe3 36. fxg6 fxg6 37. Kg4 Rxc3 38. Re1 Kh7 39. Rxe6 Ra3 40. f4 Kxh6 41. f5 Ra4+ 42. Kf3 Rxa2 43. Rxg6+ Kh7 44. Rg1 Rb2 45. Kf4 Rb8 46. Ke5 Rg8 47. Rh1+ Kg7 48. f6+ Kf7 49. Rh7+ Kg6 50. Re7 Rf8 51. Rg7+ Kh6 52. Rg1 a5 53. Ke6 a4 54. Ke7 Ra8 55. f7 Ra7+ 56. Ke6 Ra6+ 57. Ke5 Ra5+ 58. Ke4 Ra8 59. Rg8 1-0


[Site "https://www.chess.com"]

[Event "Titled Tuesday Blitz October 04 Early 2022"]
[White "Urazayev, Arystanbek"]
[Black "Skliarov, Viktor"]
[WhiteFideId "13709810"]
[BlackFideId "14106736"]
[WhiteElo "2441"]
[BlackElo "2284"]
[Result "1/2-1/2"]
[Round "11"]
[TimeControl "180+1"]
[Date "2022.10.04"]
[WhiteClock "0:00:22"]
[BlackClock "0:00:16"]

1. d4 Nf6 2. c4 e6 3. Nf3 b6 4. g3 Bb7 5. Bg2 Be7 6. O-O O-O 7. h4 c5 8. d5 exd5 9. Ng5 d6 10. Nc3 Nbd7 11. Nxd5 Nxd5 12. Bxd5 Bxd5 13. Qxd5 Nf6 14. Qf3 d5 15. Rd1 h6 16. Nh3 Qc8 17. Nf4 dxc4 18. e4 Qg4 19. Qxg4 Nxg4 20. Nd5 Rfe8 21. Nc7 Red8 22. Bf4 Rac8 23. Nd5 Kf8 24. a4 Nf6 25. Nxf6 Bxf6 26. e5 Be7 27. Rdc1 Rd4 28. Kg2 g5 29. Be3 Re4 30. hxg5 Bxg5 31. Kf3 Rxe5 32. Bxg5 hxg5 33. Rxc4 Rd8 34. b4 Rd3+ 35. Kg2 cxb4 36. Rxb4 Rd2 37. Ra3 Kg7 38. g4 Red5 39. a5 bxa5 40. Rb7 Rd7 41. Rb5 R2d5 42. Rbxa5 Rxa5 43. Rxa5 f6 44. f4 gxf4 45. Kf3 Kf7 46. Ra6 Ke7 47. Kxf4 Rb7 48. Kf5 Rb5+ 49. Kf4 Rb4+ 50. Kf5 Rb5+ 51. Kf4 Rb4+ 52. Kg3 Rb3+ 53. Kh4 Rb7 54. Kh5 Kf7 55. Kh6 Rc7 56. Kh7 Rb7 57. Kh6 Rc7 58. Rd6 Rb7 59. Rd5 a6 60. Ra5 Ra7 61. g5 fxg5 62. Kxg5 Ke6 63. Kf4 Kd6 64. Ke3 Kc6 65. Kd2 Kb6 66. Rh5 Rc7 67. Rh3 a5 68. Rc3 Rxc3 69. Kxc3 Kb5 70. Kb2 a4 71. Ka1 Ka5 72. Kb1 Kb4 73. Ka1 a3 74. Kb1 Kb3 75. Ka1 a2 1/2-1/2


[Site "https://www.chess.com"]

[Event "Titled Tuesday Blitz October 04 Early 2022"]
[White "Vaibhav Jayant Raut"]
[Black "Piesik, Piotr"]
[WhiteFideId "5089034"]
[BlackFideId "1136194"]
[WhiteElo "2147"]
[BlackElo "2323"]
[Result "0-1"]
[Round "11"]
[TimeControl "180+1"]
[Date "2022.10.04"]
[WhiteClock "0:00:10"]
[BlackClock "0:00:15"]

1. d4 c5 2. c3 Nf6 3. Nf3 d5 4. Bf4 Nc6 5. Nbd2 cxd4 6. cxd4 Bf5 7. e3 e6 8. Be2 h6 9. O-O Be7 10. Qb3 Qb6 11. h3 O-O 12. Rfc1 Rfc8 13. a3 Ne4 14. Qxb6 axb6 15. Nxe4 Bxe4 16. Nd2 Bg6 17. Rc3 Na7 18. Rac1 Rxc3 19. Rxc3 Rc8 20. Bc7 b5 21. Bb6 Rxc3 22. bxc3 Nc8 23. Bc5 Bxc5 24. dxc5 Na7 25. Nb3 Kf8 26. Na5 Ke7 27. Nxb7 Kd7 28. Na5 Bc2 29. Bf3 Kc7 30. Kf1 Nc6 31. Nxc6 Kxc6 32. Ke2 Kxc5 33. Kd2 Bg6 34. g3 e5 35. Kc1 f6 36. Kd2 Bf7 37. Be2 Be8 38. Kd3 g5 39. h4 Bg6+ 40. Kd2 Bb1 41. Bd1 Ba2 42. Bc2 Bc4 43. Bd1 Kb6 44. Bf3 Bb3 45. hxg5 fxg5 46. Kc1 Kc5 47. Kb2 Bc4 48. Kc2 Bf1 49. Kd2 Bh3 50. Bh5 Bf5 51. Be2 Bg6 52. Bg4 h5 53. Bh3 Be4 54. Bf1 Bf3 55. Bh3 Be4 56. Be6 Bg2 57. Bf7 h4 58. gxh4 gxh4 59. Be6 h3 60. Bxh3 Bxh3 61. f4 e4 62. Kc2 Kc4 63. Kb2 Bd7 64. Kc2 Be6 65. Kd2 Kb3 66. c4 dxc4 67. a4 bxa4 68. Kd1 a3 69. Kd2 a2 70. f5 Bxf5 71. Ke2 a1=Q 72. Kd2 Qb2+ 73. Ke1 Bg4 74. Kf1 Bf3 75. Kg1 Qg2# 0-1


[Site "https://www.chess.com"]

[Event "Titled Tuesday Blitz October 04 Early 2022"]
[White "Wirig, Anthony"]
[Black "Kravtsiv, Martyn"]
[WhiteFideId "615013"]
[BlackFideId "14113147"]
[WhiteElo "2474"]
[BlackElo "2694"]
[Result "0-1"]
[Round "11"]
[TimeControl "180+1"]
[Date "2022.10.04"]
[WhiteClock "0:00:10"]
[BlackClock "0:00:03"]

1. d4 d5 2. Nf3 Nf6 3. Bf4 c5 4. e3 Nc6 5. c3 e6 6. Nbd2 Bd6 7. Bg3 O-O 8. Bd3 g6 9. O-O b6 10. Ne5 Bxe5 11. dxe5 Nh5 12. f4 f6 13. exf6 Nxg3 14. hxg3 Qxf6 15. e4 Bb7 16. e5 Qe7 17. Qg4 Nd8 18. Nf3 Bc6 19. Ng5 Be8 20. Rae1 h6 21. Nf3 h5 22. Qh3 Kg7 23. Ng5 Rh8 24. g4 Nf7 25. Nxf7 Bxf7 26. f5 Qg5 27. fxg6 Bxg6 28. Bxg6 hxg4 29. Qg3 Qxg6 30. Rf4 Qh6 31. Rxg4+ Kf7 32. Rf1+ Ke8 33. Rf6 Qc1+ 34. Rf1 Rh1+ 35. Kxh1 Qxf1+ 36. Kh2 Kd7 37. Rg7+ Kc6 38. Rh7 Qf5 39. Qg7 Kb5 40. b3 Qf4+ 41. Kh1 Qc1+ 42. Kh2 Qf4+ 43. Kh3 Qf5+ 44. Kg3 Qd3+ 45. Kh4 Qxc3 46. Qd7+ Ka6 47. Qb7+ Kb5 48. Qxa8 Qd4+ 49. g4 Qf2+ 50. Kh5 Qh2+ 51. Kg6 Qxe5 52. Qe8+ Kb4 53. Qf7 Qe4+ 54. Kh5 d4 55. g5 d3 56. Qd7 Kc3 57. Re7 d2 58. Rxe6 Qh1+ 59. Kg6 d1=Q 60. Re3+ Kb2 61. Qg7+ Kb1 62. Qe5 Qc2+ 63. Kg7 Qhh7+ 64. Kf6 Qhg6+ 65. Ke7 Kxa2 66. Re2 Qxe2 67. Qxe2+ Kxb3 68. Qe5 c4 69. Qf6 Qe4+ 70. Qe6 Qxe6+ 71. Kxe6 c3 72. g6 c2 73. g7 c1=Q 0-1


[Site "https://www.chess.com"]

[Event "Titled Tuesday Blitz October 04 Early 2022"]
[White "Wong, Yinn Long"]
[Black "Zhu, Jiner"]
[WhiteFideId "5707684"]
[BlackFideId "8608059"]
[WhiteElo "2271"]
[BlackElo "2384"]
[Result "1-0"]
[Round "11"]
[TimeControl "180+1"]
[Date "2022.10.04"]
[WhiteClock "0:01:07"]
[BlackClock "0:00:49"]

1. e4 c5 2. a3 Nc6 3. b4 cxb4 4. axb4 Nxb4 5. c3 Nc6 6. d4 e5 7. d5 Nb8 8. Bb5 Bc5 9. Nf3 Bxf2+ 10. Kxf2 Qb6+ 11. Be3 Qxb5 12. Na3 Qb2+ 13. Nd2 Nf6 14. Nc4 Nxe4+ 15. Kg1 Nxc3 16. Nxb2 Nxd1 17. Nxd1 f5 18. Rxa7 Rxa7 19. Bxa7 Na6 20. Nc4 Ke7 21. Nxe5 Re8 22. Kf2 Kd6 23. Nf3 Kxd5 24. Ne3+ Kc6 25. Rc1+ Kb5 26. Nxf5 1-0


[Site "https://www.chess.com"]

[Event "Titled Tuesday Blitz October 04 Early 2022"]
[White "Xu, Yi"]
[Black "Kamsky, Gata"]
[WhiteFideId "8605564"]
[BlackFideId "2000024"]
[WhiteElo "2471"]
[BlackElo "2666"]
[Result "0-1"]
[Round "11"]
[TimeControl "180+1"]
[Date "2022.10.04"]
[WhiteClock "0:00:02"]
[BlackClock "0:00:15"]

1. e4 c5 2. Nf3 e6 3. d4 cxd4 4. Nxd4 a6 5. Bd3 Bc5 6. Nb3 Ba7 7. Qe2 d6 8. Be3 Bxe3 9. Qxe3 e5 10. c4 Nf6 11. Nc3 Be6 12. O-O Nbd7 13. f3 Qb6 14. Qxb6 Nxb6 15. Nd2 Ke7 16. Rac1 Rhc8 17. b3 Nbd7 18. Rfd1 g6 19. Nf1 Nb8 20. Ne3 Nc6 21. Kf2 Rab8 22. Nc2 h5 23. Ke3 h4 24. g4 Nh7 25. Nd5+ Bxd5 26. cxd5 Na7 27. a4 a5 28. Na3 Nf6 29. Rxc8 Rxc8 30. Nc4 Rc5 31. Rb1 Nd7 32. g5 Nc8 33. Rg1 b5 34. axb5 Rxb5 35. Nxe5 Rxb3 36. Nxd7 Kxd7 37. Ra1 Nb6 38. Kd4 a4 39. f4 Kc7 40. e5 Rb4+ 41. Ke3 Nxd5+ 42. Kd2 Rxf4 43. exd6+ Kxd6 44. Bb5 Rf2+ 45. Kd3 Rxh2 46. Rxa4 Rg2 47. Rxh4 Rxg5 48. Bc4 Kc5 49. Re4 Rg3+ 50. Kd2 f5 51. Bxd5 fxe4 52. Bxe4 Kd4 53. Bxg6 Rxg6 0-1


[Site "https://www.chess.com"]

[Event "Titled Tuesday Blitz October 04 Early 2022"]
[White "Yaran, Siar"]
[Black "Gunina, Valentina"]
[WhiteFideId "6323006"]
[BlackFideId "4167570"]
[WhiteElo "2191"]
[BlackElo "2376"]
[Result "1-0"]
[Round "11"]
[TimeControl "180+1"]
[Date "2022.10.04"]
[WhiteClock "0:00:25"]
[BlackClock "0:00:07"]

1. e4 c6 2. d4 d5 3. Nc3 dxe4 4. Nxe4 Nf6 5. Nxf6+ exf6 6. c3 Bd6 7. Bd3 O-O 8. Qc2 Re8+ 9. Ne2 h5 10. O-O h4 11. h3 Nd7 12. Bd2 Nf8 13. Nf4 Bd7 14. Rae1 Qc7 15. Nh5 Qa5 16. Qd1 Qxa2 17. Bh6 Rxe1 18. Rxe1 gxh6 19. Qd2 Qd5 20. Qxh6 Qxh5 21. Qxh5 Kg7 22. Qxh4 Ng6 23. Bxg6 fxg6 24. Qe4 a5 25. h4 a4 26. c4 Bb4 27. Re3 Bf5 28. Qf4 Rf8 29. c5 Bd2 30. Re7+ Kg8 31. Qxd2 1-0


[Site "https://www.chess.com"]

[Event "Titled Tuesday Blitz October 04 Early 2022"]
[White "Zelbel, Patrick"]
[Black "Baskakov, Egor"]
[WhiteFideId "24624322"]
[BlackFideId "24197866"]
[WhiteElo "2474"]
[BlackElo "2211"]
[Result "1-0"]
[Round "11"]
[TimeControl "180+1"]
[Date "2022.10.04"]
[WhiteClock "0:01:11"]
[BlackClock "0:01:10"]

1. e4 c5 2. b4 e5 3. Bb2 Nc6 4. b5 Nd4 5. c3 Ne6 6. Nf3 d5 7. exd5 Qxd5 8. d3 Nf6 9. Nbd2 Nf4 10. c4 Nxd3+ 11. Bxd3 Qxd3 12. Nxe5 Qd8 13. O-O Bd6 14. Nef3 Be7 15. Re1 O-O 16. Qe2 Be6 17. Ng5 Bd6 18. Nxe6 fxe6 19. Qxe6+ Kh8 20. Rad1 Qc7 21. Nf3 Rad8 22. h3 Rfe8 23. Qf5 Rf8 24. Ng5 Bh2+ 25. Kh1 Rxd1 26. Rxd1 1-0


[Site "https://www.chess.com"]

[Event "Titled Tuesday Blitz October 04 Early 2022"]
[White "Zhao, Jun"]
[Black "Salinas Herrera, Pablo"]
[WhiteFideId "8602522"]
[BlackFideId "3407128"]
[WhiteElo "2547"]
[BlackElo "2550"]
[Result "1-0"]
[Round "11"]
[TimeControl "180+1"]
[Date "2022.10.04"]
[WhiteClock "0:00:04"]
[BlackClock "0:00:03"]

1. e4 c5 2. Nf3 e6 3. d4 cxd4 4. Nxd4 a6 5. Nc3 Qc7 6. Bd3 d6 7. O-O g6 8. Be3 Bg7 9. f4 Ne7 10. f5 Be5 11. fxe6 fxe6 12. Nce2 Nbc6 13. Qd2 Nxd4 14. Nxd4 Nc6 15. c3 Bd7 16. a4 Rf8 17. Nf3 O-O-O 18. a5 Nxa5 19. Qf2 Nc4 20. Bxc4 Qxc4 21. Nxe5 dxe5 22. Qxf8 Rxf8 23. Rxf8+ Kc7 24. Rf7 Qxe4 25. Bf2 Qd5 26. c4 Qd3 27. Bg3 Kb6 28. Rf3 Qc2 29. Bxe5 Bc6 30. Bd4+ Kc7 31. Rf7+ Kd6 32. Rf2 Qxc4 33. Rd1 Bd5 34. Bc3 Qe4 35. Re1 Qg4 36. h3 Qc4 37. Be5+ Kc6 38. Kh2 b5 39. Ree2 Qd3 40. Rd2 Qe4 41. Rde2 Qd3 42. Rd2 Qe4 43. Rfe2 Qf5 44. Rc2+ Bc4 45. b3 a5 46. bxc4 b4 47. Bg3 b3 48. Rc3 a4 49. c5 Qd5 50. Rce3 Kb5 51. Rxe6 a3 52. c6 b2 53. c7 Qc4 54. R2e5+ Ka4 55. Re4 b1=Q 56. Rxc4+ Kb5 57. c8=Q a2 58. Qc6+ 1-0